 Dungeon Crawl Stone Soup version 0.14-a0-1576-gf4c5cb9 (webtiles) character file.

568 M4edhros the Insei (level 6, -2/38 HPs)
             Began as an Octopode Transmuter on Dec 22, 2013.
             Slain by a centaur (8 damage)
             ... on Level 5 of the Dungeon.
             The game lasted 00:07:20 (5612 turns).

M4edhros the Insei (Octopode Transmuter)            Turns: 5612, Time: 00:07:20

HP  -2/38        AC  1     Str  9      XL: 6   Next: 80%
MP   9/10        EV 11     Int 18      God:
Gold 178         SH  6     Dex 12      Spells:  1 memorised,  8 levels left

rFire  . . .     SeeInvis .       - Unarmed
rCold  . . .     Clarity  .     q - +0 buckler
rNeg   . . .     Conserve .     (helmet restricted)
rPois  .         rCorr    .     (no amulet)
rElec  .         rRot     .     j - ring of flight
SustAb . .       Spirit   .     (no ring)
rMut   .         Warding  .     (no ring)
Saprov . . .     Stasis   .     (no ring)
                                (no ring)
                                (no ring)
                                (no ring)
                                (no ring)

@: appendage, slightly resistant to hostile enchantments, fairly stealthy
A: almost no armour, amphibious, 8 rings, constrict 8, spike 3, camouflage 1,
gelatinous body 1
a: End Transformation, Evoke Flight


You were on level 5 of the Dungeon.
You were hungry.
One of your tentacles had a temporary spike.
You visited 1 branch of the dungeon, and saw 5 of its levels.

You collected 178 gold pieces.

Inventory:

Missiles
 b - 12 arrows
Armour
 q - a +0 buckler (worn)
Magical devices
 m - a wand of teleportation (6)
Comestibles
 a - 3 bread rations
 f - 2 meat rations
 h - 10 sultanas
 p - 2 pears
 r - a chunk of hound flesh
Scrolls
 c - 3 scrolls of noise {unknown}
 e - a scroll of fear {unknown}
 g - 5 scrolls of remove curse {unknown}
 i - 3 scrolls of fog {unknown}
 l - a scroll of immolation {unknown}
 o - 4 scrolls of identify {unknown}
 t - a scroll of enchant armour {unknown}
Jewellery
 j - a ring of flight (left tentacle)
Potions
 k - a potion of brilliance
 s - a potion of magic {unknown}
Books
 d - a book of Changes

   Spells                             Type                      Level
   *Beastly Appendage                 Transmutation                1
   Sticks to Snakes                   Transmutation                2
   Spider Form                        Transmutation/Poison         3
   Ice Form                           Ice/Transmutation            4
   Blade Hands                        Transmutation                5


   Skills:
 - Level 1.0 Fighting
 - Level 2.0 Dodging
 - Level 7.0 Unarmed Combat
 - Level 2.0 Spellcasting
 + Level 3.1 Transmutations


You had 8 spell levels left.
You knew the following spells:

 Your Spells              Type           Power        Failure   Level  Hunger
a - Beastly Appendage     Trmt           ##....       8%          1    #......


Dungeon Overview and Level Annotations

Branches:
Dungeon (5/16)             Temple (0/1) D:4

Altars:
Nemelex Xobeh
Vehumet

Annotations:
D:5 cedor's ghost, experienced DsGl


Innate Abilities, Weirdness & Mutations

You cannot wear most types of armour.
You are amphibious.
You can wear up to eight rings at the same time.
You can use your tentacles to constrict many enemies at once.
Your skin changes colour to match your surroundings (Stlth).
Your rubbery body absorbs attacks (AC +1).
One of your tentacles bears a large vicious spike.


Message History

You see here an arrow.
The centaur shoots an arrow.
The arrow hits you!
Drink which item? (? for menu, Esc to quit)
You feel better.
The centaur unwields an uncursed bow.
The centaur hits you!
You bludgeon the centaur!
The centaur is moderately wounded.
The centaur hits you.
Casting: Beastly Appendage
Confirm with . or Enter, or press ? or * to list all spells.
One of your tentacles grows a vicious spike.
The centaur closely misses you. The centaur hits you.
* * * LOW HITPOINT WARNING * * *
Evoke which item? (* to show all) (? for menu, Esc to quit)
Okay, then.
Read which item? (? for menu, Esc to quit)
Okay, then.
You bludgeon the centaur!
The centaur is severely wounded.
The centaur hits you!
You die...

#.# ..#### # .....##
#. .. ...# .# .# #..#
..#.# #..#
#c.###..#######
#@....%.......####
#.###(.###..#.......).
#..?.####..#.###.####
##...........# #
###....#.####
##......###
#.........#
##....<.#.#
..........#.#


You could see a centaur.

Vanquished Creatures
  A hound (D:4)
  A crimson imp (D:3)
  A giant frog skeleton (D:4)
  Crazy Yiuf (D:4)
  A worker ant (D:4)
  An orc wizard (D:4)
  Ijyb (D:2)
  Jessica (D:2)
  Terence (D:2)
  A hound skeleton (D:4)
  3 gnolls
  4 adders
  2 worms
  An iguana skeleton (D:4)
  6 bats
  3 giant cockroaches
  12 goblins
  13 hobgoblins
  3 jackals
  14 kobolds
  4 quokkas
  A giant gecko (D:5)
  6 giant newts
  6 rats
88 creatures vanquished.

Notes
Turn   | Place    | Note
--------------------------------------------------------------
     0 | D:1      | M4edhros, the Octopode Transmuter, began the quest for the Orb.
     0 | D:1      | Reached XP level 1. HP: 13/13 MP: 3/3
   209 | D:1      | Reached XP level 2. HP: 2/18 MP: 2/4
  1068 | D:1      | Reached skill level 4 in Unarmed Combat
  1084 | D:1      | Reached XP level 3. HP: 14/23 MP: 4/6
  1831 | D:3      | Reached skill level 5 in Unarmed Combat
  1831 | D:3      | Reached XP level 4. HP: 15/28 MP: 7/7
  2168 | D:3      | Found a radiant altar of Vehumet.
  2224 | D:3      | Reached XP level 5. HP: 18/33 MP: 9/9
  2950 | D:4      | Reached skill level 6 in Unarmed Combat
  3345 | D:4      | Found a sparkling altar of Nemelex Xobeh.
  3493 | D:4      | Reached XP level 6. HP: 27/38 MP: 10/10
  3569 | D:4      | Found a staircase to the Ecumenical Temple.
  3691 | D:4      | Noticed Crazy Yiuf
  3700 | D:4      | Killed Crazy Yiuf
  4322 | D:2      | Noticed Ijyb
  4335 | D:2      | Killed Ijyb
  4335 | D:2      | Reached skill level 7 in Unarmed Combat
  4734 | D:2      | Noticed Jessica
  4743 | D:2      | Killed Jessica
  5138 | D:2      | Noticed Terence
  5147 | D:2      | Killed Terence
  5413 | D:5      | Entered Level 5 of the Dungeon
  5468 | D:5      | Noticed cedor's ghost (experienced DsGl)
  5612 | D:5      | Slain by a centaur

Action                   |  1- 3 |  4- 6 || total
-------------------------+-------+-------++-------
Melee: Unarmed           |    98 |   138 ||   236
 Cast: Beastly Appendage |     7 |    11 ||    18
  Use: Potion            |       |     6 ||     6
 Stab: Sleeping          |     1 |     6 ||     7
